 Dungeon Crawl Stone Soup version 0.20-a0-739-g6bb112f (webtiles) character file.

2724 Colliwobble the Basher (level 9, 0/57 HPs)
             Began as a Gargoyle Fighter on Feb 25, 2017.
             Was a Believer of Cheibriados.
             Slain by an orc
             ... wielding a +0 trident
              (2 damage)
             ... in a bailey.
             The game lasted 00:14:17 (6212 turns).

Colliwobble the Basher (Gargoyle Fighter)           Turns: 6212, Time: 00:14:18

Health: 0/57       AC: 15    Str: 34    XL:     9   Next: 67%
Magic:  11/13      EV:  7    Int: 15    God:    Cheibriados [**....]
Gold:   283        SH: 11    Dex: 15    Spells: 8/8 levels left

rFire    + . .     SeeInvis .   a - +0 flail
rCold    . . .     Gourm    .   b - +0 scale mail
rNeg     + . .     Faith    .   c - +0 shield
rPois    ∞         Spirit   .   r - +1 helmet
rElec    +         Reflect  .   I - +0 cloak
rCorr    .         Harm     .   (no gloves)
MR       .....                  (no boots)
Stlth    ..........             (no amulet)
Regen    0.2/turn               t - ring of protection from fire
MPRegen  0.2/turn               h - ring of wizardry

@: mighty, very slow
A: negative energy resistance 1, electricity resistance, unbreathing,
petrification resistance, rot immunity, AC +5
a: Bend Time, Renounce Religion


You were in a bailey.
You worshipped Cheibriados.
Cheibriados was pleased with you.
You were not hungry.

You visited 1 branch of the dungeon, and saw 7 of its levels.
You also visited: Bailey.

You collected 283 gold pieces.

Inventory:

Hand Weapons
 a - a +0 flail (weapon)
Armour
 b - a +0 scale mail (worn)
 c - a +0 shield (worn)
 r - a +1 helmet (worn)
 I - a +0 cloak (worn)
Jewellery
 h - a ring of wizardry (left hand)
 t - a ring of protection from fire (right hand)
 z - an uncursed amulet of harm {unknown}
Wands
 v - a wand of flame (21/48)
 y - a wand of flame (26/48)
 F - a wand of acid (6/15)
 G - a wand of disintegration (10/24)
Scrolls
 e - 8 scrolls of identify {unknown}
 g - 5 scrolls of teleportation {unknown}
 j - 3 scrolls of fear {unknown}
 l - 2 scrolls of enchant armour {unknown}
 o - 3 scrolls of remove curse {unknown}
 p - 3 scrolls of fog {unknown}
 s - 2 scrolls of enchant weapon {unknown}
 u - 2 scrolls of recharging {unknown}
 H - a scroll of noise {unknown}
Potions
 k - 3 potions of heal wounds {unknown}
 m - a potion of flight {unknown}
 n - 2 potions of lignification {unknown}
 q - 2 potions of curing {unknown}
 w - a potion of ambrosia {unknown}
 A - a potion of brilliance {unknown}
 B - a potion of degeneration {unknown}
 C - 2 potions of agility {unknown}
 D - 2 potions of might
 E - a potion of invisibility {unknown}
Comestibles
 d - 4 meat rations
 f - 3 bread rations
 i - 3 chunks of flesh
 x - a fruit


   Skills:
 + Level 7.3 Fighting
 - Level 10.0 Maces & Flails
 - Level 3.2 Armour
 - Level 3.2 Shields
 + Level 6.4 Invocations


You had 8 spell levels left.
You didn't know any spells.

Dungeon Overview and Level Annotations

Branches:
Dungeon (7/15)             Temple (0/1) D:6

Altars:
Cheibriados
Vehumet


Innate Abilities, Weirdness & Mutations

You are resistant to torment.
Your stone body is resilient. (AC +5)
You are immune to poison.
You resist negative energy. (rN+)
You are resistant to electric shocks. (rElec)
You can survive without breathing.
You are immune to petrification.
You are immune to rotting.


Message History

* * * LOW HITPOINT WARNING * * *
You block the orc's attack. The orc warrior hits you with a spear!
* * * LOW HITPOINT WARNING * * *
The orc barely misses you. You block the orc's attack.
The orc hits you but does no damage. The orc barely misses you.
The orc hits you but does no damage. You block the orc warrior's attack.
The orc hits you but does no damage. x2; The orc barely misses you.
You see here a war axe.
You bludgeon the orc warrior!!
You kill the orc warrior!
Cheibriados appreciates the change of pace.
The orc hits you with a war axe.
* * * LOW HITPOINT WARNING * * *
The orc hits you with a halberd.
* * * LOW HITPOINT WARNING * * *
The orc barely misses you. The orc hits you but does no damage.
You block the orc's attack. x3; The orc hits you but does no damage.
The orc hits you but does no damage.
The orc hits you from afar with a trident.
You die...

###+###
##.....##
#.......#
#.......#
#..o....#
#..oo@o.#
#..oooo.#
#..oo...#
#.......#
#.......#
#∩.....∩#
#.......#
##..∩..##
#######


You could see 10 orcs.

Vanquished Creatures
  Eustachio (D:6)
  A hungry ghost (D:7)
  Menkaure (D:6)
  A hornet zombie (D:6)
  2 sky beasts (D:5)
  4 orc warriors
  An ice beast (D:7)
  An ogre (D:3)
  2 centaurs
  The ghost of badtown the Stinger, an amateur OpVM (D:3)
  A bullfrog (D:6)
  2 scorpions
  3 killer bees (D:6)
  2 howler monkeys
  A bullfrog zombie (D:7)
  A centaur zombie (D:6)
  2 crimson imps
  A quasit (D:6)
  5 hounds
  A jelly (D:6)
  Crazy Yiuf (D:6)
  2 orc priests
  2 iguanas (D:5)
  An orc wizard (D:6)
  A worker ant (D:5)
  2 hound zombies
  A worker ant zombie (D:6)
  Robin (D:2)
  12 gnolls
  4 adders
  An ooze (D:2)
  4 worms
  10 dart slugs
  3 leopard geckos
  15 orcs
  6 bats
  6 giant cockroaches
  22 goblins
  12 hobgoblins
  14 jackals
  3 quokkas
  A ball python (D:1)
  A ball python skeleton (D:6)
  5 frilled lizards
  6 kobolds
  A leopard gecko zombie (D:6)
  A quokka skeleton (D:4)
  7 rats
179 creatures vanquished.

Notes
Turn   | Place    | Note
-------+----------+-------------------------------------------
     0 | D:1      | Colliwobble the Gargoyle Fighter began the quest for the Orb.
     0 | D:1      | Reached XP level 1. HP: 14/14 MP: 1/1
    93 | D:1      | Reached XP level 2. HP: 17/19 MP: 2/2
   180 | D:1      | Reached skill level 3 in Maces & Flails
   351 | D:1      | Reached XP level 3. HP: 18/23 MP: 3/3
   558 | D:2      | Reached skill level 4 in Maces & Flails
   558 | D:2      | Reached XP level 4. HP: 23/28 MP: 4/4
   670 | D:2      | Noticed Robin
   716 | D:2      | HP: 1/28 [kobold (2)]
   718 | D:2      | Killed Robin
  1231 | D:2      | Reached skill level 5 in Maces & Flails
  1231 | D:2      | Reached XP level 5. HP: 28/32 MP: 5/5
  1901 | D:3      | Reached skill level 6 in Maces & Flails
  2060 | D:3      | Reached XP level 6. HP: 34/37 MP: 6/6
  2401 | D:3      | Noticed badtown's ghost (amateur OpVM)
  2428 | D:3      | Killed badtown's ghost
  2428 | D:3      | Reached skill level 7 in Maces & Flails
  2725 | D:3      | Found a snail-covered altar of Cheibriados.
  2735 | D:3      | Became a worshipper of Cheibriados the Contemplative
  2917 | D:4      | Reached XP level 7. HP: 39/41 MP: 7/7
  3321 | D:4      | Reached skill level 8 in Maces & Flails
  3502 | D:4      | Reached * piety under Cheibriados
  3548 | D:5      | Entered Level 5 of the Dungeon
  4361 | D:5      | Reached skill level 9 in Maces & Flails
  4361 | D:5      | Reached XP level 8. HP: 45/46 MP: 8/8
  4660 | D:5      | Found a radiant altar of Vehumet.
  4709 | D:6      | Noticed Menkaure
  4717 | D:6      | Killed Menkaure
  4717 | D:6      | Reached skill level 10 in Maces & Flails
  4938 | D:6      | Reached skill level 1 in Invocations
  5079 | D:6      | Reached ** piety under Cheibriados
  5113 | D:6      | Reached skill level 5 in Fighting
  5262 | D:6      | Noticed Eustachio
  5278 | D:6      | Reached XP level 9. HP: 44/54 MP: 11/11
  5306 | D:6      | Killed Eustachio
  5530 | D:6      | Found a staircase to the Ecumenical Temple.
  5530 | D:6      | Found a faded altar of an unknown god.
  5576 | D:6      | Reached skill level 5 in Invocations
  5801 | D:6      | Found a runed door.
  5835 | D:6      | Noticed Crazy Yiuf
  5839 | D:6      | Killed Crazy Yiuf
  5972 | D:7      | Paralysed by fainting for 8 turns
  6120 | D:7      | Found a flagged portal.
  6129 | Bailey   | Entered a bailey
  6211 | Bailey   | HP: 2/57 [orc/halberd (5)]
  6212 | Bailey   | Slain by an orc

Vault maps used:
D:1:      roderic_crop_circles_arrival_small
D:2:      first_bread, uniq_robin
D:3:      lemuel_round_altar, minmay_ogre_servants
D:4:      kennysheep_slugbush
D:5:      lemuel_round_altar
D:6:      nicolae_temple_entry_ecumenical, uniq_eustachio, uniq_menkaure,
          uniq_crazy_yiuf_cottage
D:7:      overflow_temple_1_default, enter_ossuary_5, enter_bailey_2,
          grunt_livestock
Bailey:   bailey_polearm_5, bailey

Skill      XL: |  1  2  3  4  5  6  7  8  9 |
---------------+----------------------------+-----
Maces & Flails | 3 4 5 6 7 9 10 | 10.0
Invocations    | 3 6 |  6.4
Fighting       | 5 7 |  7.3
Armour         | |  3.2
Shields        | |  3.2

Action                   |  1- 3 |  4- 6 |  7- 9 || total
-------------------------+-------+-------+-------++-------
Melee: Flail             |   111 |   283 |   345 ||   739
Invok: Bend Time         |       |       |     3 ||     3
Evoke: Wand              |       |       |     3 ||     3
  Use: Potion            |       |     1 |     1 ||     2
  Eat: Chunk             |       |     7 |     7 ||    14
       Royal jelly       |       |       |     1 ||     1
Armor: Scale mail        |    72 |   206 |   307 ||   585
Dodge: Dodged            |    30 |   113 |   142 ||   285
Block: Shield            |    80 |   194 |   215 ||   489
